 Dungeon Crawl Stone Soup version 0.30.0-16-gbe6223bb7e (webtiles) character file.

Game seed: 14195205791974756030

53304 grizmgrazm2 the Covert (level 14, -12/76 HPs)
             Began as a Vampire Ice Elementalist on May 20, 2023.
             Was a High Priest of Ashenzari.
             Mangled by a minotaur
             ... wielding a +0 broad axe
              (26 damage)
             ... on level 2 of the Orcish Mines.
             The game lasted 01:15:39 (22011 turns).

grizmgrazm2 the Covert (Vampire Ice Elementalist)  Turns: 22011, Time: 01:15:40

Health: -12/76     AC: 11    Str:  7    XL:     14   Next: 30%
Magic:  6/29       EV: 17    Int: 22    God:    Ashenzari [*****.]
Gold:   1797       SH:  0    Dex: 17    Spells: 0/35 levels left

rFire   + . .        j - +5 short sword "Discomfort of Ashenzari" {vamp, Range, Evo} (curse)
rCold   + + +        P - +1 buckler "Bound Liberalism" {Bglg, Alch} (curse)
rNeg    + + +        R - +2 robe "Sun of the Lashed Seer" {rF+, Bglg, Evo} (curse)
rPois   ∞            o - +0 helmet of the Revealing Fetters {Dex+2, Evo, Melee} (curse)
rElec   .            Q - scarf of the Enigmatic Sybil {repulsion, Cun, Fort} (curse)
rCorr   .            g - +2 pair of gloves "Thunder Perfect Mind" {Bglg, Range} (curse)
SInv    +            q - +2 pair of boots "Gaze Upon Infinity" {Cun, Alch} (curse)
Will    +....        (no amulet)
Stlth   ++++         h - ring "Prophetic Visionary" {rF+, Bglg, Elem} (curse)
HPRegen 0.00/turn    s - ring "I Knew You'd Do That" {Ice, Fort, Bglg} (curse)
MPRegen 0.21/turn

%: repel missiles, clarity
@: confused, ambrosia-drunk, bloodless, inhibited regen
A: bloodless, fangs 3, see invisible, vampiric 2
a: Bat Form, Revivify, Renounce Religion, Curse Item, Shatter the Chains


You were on level 2 of the Orcish Mines.
You worshipped Ashenzari.
Ashenzari was extremely pleased with you.
You visited 4 branches of the dungeon, and saw 19 of its levels.
You also visited: Ice Cave.

You collected 1797 gold pieces.

Inventory:

Hand Weapons
 j - the cursed +5 short sword "Discomfort of Ashenzari" (weapon) {vamp, Range, Evo}
   (You took it off an orc on level 7 of the Dungeon)

   It has a curse which improves the following skills: Ranged Combat: Ranged
   Weapons and Throwing.
   Evocations: Evocations.
Armour
 g - the cursed +2 pair of gloves "Thunder Perfect Mind" (worn) {Bglg, Range}
   (You found it on level 2 of the Dungeon)

   It has a curse which improves the following skills: Beguiling: Conjurations,
   Hexes and Translocations.
   Ranged Combat: Ranged Weapons and Throwing.
 o - the cursed +0 helmet of the Revealing Fetters (worn) {Dex+2, Evo, Melee}
   (You took it off Robin on level 2 of the Dungeon)

   Dex:       It affects your dexterity (+2).
   It has a curse which improves the following skills: Evocations: Evocations.
   Melee Combat: Short Blades, Long Blades, Axes, Maces & Flails, Polearms,
   Staves and Unarmed Combat.
 q - the cursed +2 pair of boots "Gaze Upon Infinity" (worn) {Cun, Alch}
   (You found it on level 6 of the Dungeon)

   It has a curse which improves the following skills: Cunning: Dodging and
   Stealth.
   Alchemy:   Poison Magic and Transmutations.
 P - the cursed +1 buckler "Bound Liberalism" (worn) {Bglg, Alch}
   (You took it off a gnoll sergeant on level 7 of the Dungeon)

   It has a curse which improves the following skills: Beguiling: Conjurations,
   Hexes and Translocations.
   Alchemy:   Poison Magic and Transmutations.
 Q - the cursed scarf of the Enigmatic Sybil (worn) {repulsion, Cun, Fort}
   (You found it on level 5 of the Dungeon)

   It has a curse which improves the following skills: Cunning: Dodging and
   Stealth.
   Fortitude: Armour and Shields.
 R - the cursed +2 robe "Sun of the Lashed Seer" (worn) {rF+, Bglg, Evo}
   (You took it off an orc wizard on level 7 of the Dungeon)

   It has a curse which improves the following skills: Beguiling: Conjurations,
   Hexes and Translocations.
   Evocations: Evocations.
Magical Staves
 c - a staff of earth
 d - a staff of cold
Jewellery
 h - the cursed ring "Prophetic Visionary" (left hand) {rF+, Bglg, Elem}
   (You found it on level 1 of the Dungeon)

   [ring of protection from fire]

   rF:        It protects you from fire.
   It has a curse which improves the following skills: Beguiling: Conjurations,
   Hexes and Translocations.
   Elements:  Fire Magic, Ice Magic, Air Magic and Earth Magic.
 s - the cursed ring "I Knew You'd Do That" (right hand) {Ice, Fort, Bglg}
   (You found it on level 6 of the Dungeon)

   [ring of ice]

   It enhances your ice magic.
   rF:        It makes you vulnerable to fire.
   rC:        It protects you from cold.
   It has a curse which improves the following skills: Fortitude: Armour and
   Shields.
   Beguiling: Conjurations, Hexes and Translocations.
Wands
 a - a wand of digging (1)
 l - a wand of flame (11)
 t - a wand of polymorph (19)
 O - a wand of charming (9)
Scrolls
 e - 6 scrolls of amnesia
 k - a scroll of silence
 u - 2 scrolls of magic mapping
 y - 2 scrolls of immolation
 B - 2 scrolls of poison
Potions
 f - a potion of curing
 i - 3 potions of lignification
 m - 4 potions of attraction
 n - 6 potions of ambrosia
 p - 6 potions of flight
 C - a potion of mutation
 E - a potion of cancellation
 N - 2 potions of berserk rage


   Skills:
 + Level 4.4 Fighting
 + Level 6.8(9.0) Short Blades
 + Level 7.0(10.2) Dodging
 + Level 13.2(16.3) Stealth
 * Level 5.6(8.7) Shields
 + Level 11.1 Spellcasting
 + Level 12.4(18.2) Hexes
 * Level 7.6 Necromancy
 - Level 5.0(8.0) Transmutations
 + Level 10.9(13.0) Ice Magic
 + Level 5.3(8.4) Poison Magic
 + Level 4.1(7.9) Evocations


You couldn't memorise any spells.
You knew the following spells:

 Your Spells              Type           Power      Damage    Failure   Level
a - Freeze                Ice            100%       1d10      1%          1
b - Frozen Ramparts       Ice            100%       1d16      1%          3
c - Ozocubu's Armour      Ice            81%        N/A       1%          3
d - Yara's Violent Unrav  Hex/Tmut       31%        3d13      1%          5
e - Enfeeble              Hex            37%        N/A       3%          7
f - Ensorcelled Hibernat  Hex/Ice        100%       N/A       1%          2
g - Anguish               Hex/Necr       31%        N/A       1%          4
h - Olgreb's Toxic Radia  Pois           49%        N/A       2%          4
i - Simulacrum            Ice/Necr       36%        N/A       17%         6

Your spell library contained the following spells:

 Spells                   Type           Power      Damage    Failure   Level
 Sting                    Tmut/Pois      100%       1d8       1%          1
 Poisonous Vapours        Pois/Air       62%        N/A       1%          2
 Inner Flame              Hex/Fire       52%        N/A       1%          3
 Spider Form              Tmut/Pois      48%        N/A       1%          3
 Ice Form                 Ice/Tmut       73%        N/A       1%          4
 Metabolic Englaciation   Hex/Ice        44%        N/A       1%          5
 Summon Ice Beast         Ice/Summ       57%        N/A       5%          4


Dungeon Overview and Level Annotations

Branches:
Dungeon (11/15)            Temple (1/1) D:6            Lair (5/5) D:11
  Swamp (0/4) Lair:2        Snake (0/4) Lair:3        Slime (0/5) Lair:4
    Orc (2/2) D:9             Elf (0/3) Orc:2         IceCv (visited)

Altars:
Ashenzari
Cheibriados
Dithmenos
Fedhas
Gozag
Hepliaklqana
Kikubaaqudgha
Makhleb
Nemelex Xobeh
Okawaru
Qazlal
Ru
Sif Muna
Trog
Uskayaw
Vehumet
Wu Jian
Xom
Yredelemnul
Jiyva
Lugonu

Shops:
D:11 [

Portals:
Abyss: Lair:5

Annotations:
Lair:4 1 runed translucent door


Innate Abilities, Weirdness & Mutations

You do not regenerate when monsters are visible.
You are frail without blood (-20% HP).
You can heal yourself when you bite living creatures.
You are immune to poison.
You have razor-sharp teeth.
You have supernaturally acute eyesight. (SInv)
You are afflicted with vampirism and can become a bat while bloodless.


Message History

The minotaur resists with almost no effort.
The minotaur hits you but does no damage.
The minotaur gores you!
* * * LOW HITPOINT WARNING * * *
You feel better. The minotaur closely misses you. The minotaur misses you.
Okay, then.
Your icy armour will break if you move.
Continue?
Okay, then.
Aiming: Polymorph
Press: ? - help, Shift-Dir - straight line, f/p - minotaur
Aim: a minotaur, wielding a +0 broad axe and wearing a +0 chain mail (moderately wounded, will become a storm dragon, an emperor scorpion, or an azure jelly, chance to affect: 8%)
Okay, then.
Aiming: Charm
Press: ? - help, Shift-Dir - straight line, f/p - minotaur
Aim: a minotaur, wielding a +0 broad axe and wearing a +0 chain mail (moderately wounded, chance to affect: 8%)
Okay, then.
Okay, then.
The air fills with toxic fumes!
As you read the scroll of poison, it crumbles to dust.
The minotaur barely misses you. The minotaur completely misses you.
Your icy armour will break if you move.
Continue?
The minotaur attacks as you move away! You block the minotaur's attack.
The minotaur completely misses you.
Your icy armour cracks and falls away as you move.
The minotaur attacks as you move away! The minotaur barely misses you.
You block the minotaur's attack.
The minotaur is engulfed in poison gas.
The minotaur is poisoned.
The minotaur is engulfed in poison gas.
The minotaur looks even sicker.
The minotaur attacks as you move away!
The minotaur hits you with a +0 broad axe!
* * * LOW HITPOINT WARNING * * *
The minotaur gores you.
* * * LOW HITPOINT WARNING * * *
The minotaur is engulfed in poison gas.
The minotaur looks even sicker.
Okay, then.
You are confused.
You feel invigorated.
The minotaur is engulfed in poison gas.
The minotaur looks as sick as possible!
The minotaur hits you with a +0 broad axe!!
You die...

*, ,
......{{o.{...o......
, ,
.#####{##{....oo...#
,, {,,, {
#T##........... *,,*,
,,{*#o###.o.T...... ,
{, {* ,{##§#
###.#...... , ,{ *
#§§# ###...h.. * *,
{##§## #...#... * ,
,, {##H§# #...#....
**{{ #@§## ##.###...
*** #...§## ####....
###### ##.##...
#....... ##.....#
###...... ##.##.##.#
** *** ##...#.#... *
,* ##.#........


You could see a minotaur (extremely poisoned) and an orc warrior.

Vanquished Creatures
  Gastronok (D:8)
  A hydra (Lair:5)
  A boulder beetle (Lair:4)
  5 death yaks
  A satyr (D:11)
  A two-headed ogre (D:10)
  2 thrashing horrors (Lair:5)
  Sonja (D:10)
  4 skysharks
  A bog body (Lair:2)
  A lindwurm (Lair:5)
  An orc knight (Orc:1)
  An orc sorcerer (Orc:2)
  3 ugly things (Lair:5)
  A black mamba (Lair:2)
  12 elephants
  Maurice (D:10)
  2 smoke demons
  A torpor snail (Lair:1)
  4 rime drakes
  Psyche (D:10)
  An unseen horror (D:11)
  8 cane toads
  6 komodo dragons
  2 kobold demonologists (D:11)
  A freezing wraith (IceCv)
  An anaconda simulacrum (IceCv)
  3 ancient zymes (Lair:5)
  2 hornets
  3 trolls
  A queen bee (Orc:1)
  2 polar bears
  23 blink frogs (Lair:5)
  6 small abominations (Lair:5)
  2 ynoxinuls (Lair:5)
  A spriggan (Lair:5)
  A water elemental (D:11)
  A wraith (D:11)
  25 yaks
  4 basilisks
  2 humans (D:9)
  4 wyverns
  A steam dragon (D:8)
  Grum (D:8)
  4 vampire mosquitoes (D:10)
  4 chaos spawn (Lair:5)
  2 death yak simulacra
  A harpy simulacrum (IceCv)
  2 wargs
  17 water moccasins
  A swamp drake (D:9)
  12 orc warriors
  3 ice beasts
  A sky beast (D:8)
  8 black bears
  6 ogres
  7 centaurs
  10 wolves
  4 kobold brigands
  Blork the orc (D:4)
  7 bullfrogs
  2 gnoll sergeants
  4 scorpions
  3 wights (D:9)
  24 killer bees (Orc:1)
  An electric eel (D:11)
  8 howler monkeys
  14 orc priests
  2 hounds
  2 jellies
  A gnoll bouda (D:9)
  An iguana (D:7)
  Terence (D:3)
  13 orc wizards
  9 hell rats
  2 polar bear simulacra (IceCv)
  Robin (D:2)
  14 gnolls
  7 adders
  7 river rats (Lair:5)
  2 shadow imps
  4 white imps
  An ufetubus (D:5)
  3 dart slugs
  58 orcs
  13 ball pythons
  4 bats (D:1)
  3 endoplasms
  4 giant cockroaches
  7 goblins
  8 hobgoblins
  A jackal (D:1)
  21 kobolds
  A quokka (D:1)
  5 frilled lizards
  4 rats
492 creatures vanquished.

Vanquished Creatures (collateral kills)
  2 elephants (Lair:4)
2 creatures vanquished.

Vanquished Creatures (others)
  A hydra (Lair:5)
  A death yak (Lair:4)
  2 thrashing horrors (Lair:5)
  An elephant (Lair:4)
  A warg (Orc:2)
  An orc priest (Orc:1)
  An orc (Orc:2)
8 creatures vanquished.

Grand Total: 502 creatures vanquished

Notes
Turn   | Place    | Note
-------+----------+-------------------------------------------
     0 | D:1      | grizmgrazm2 the Vampire Ice Elementalist began the quest
                  | for the Orb.
     0 | D:1      | Reached XP level 1. HP: 13/13 MP: 3/3
   348 | D:1      | Reached XP level 2. HP: 15/15 MP: 5/5
   938 | D:2      | Gained mutation: You are afflicted with vampirism and can
                  | become a bat while bloodless. [Vampire growth]
   938 | D:2      | Reached XP level 3. HP: 19/20 MP: 4/6
   968 | D:2      | Identified the +0 helmet of the Endless Expanse {Dex+2}
   968 | D:2      | Noticed Robin
   992 | D:1      | Learned a level 3 spell: Frozen Ramparts
  1348 | D:2      | Reached skill level 4 in Stealth
  1407 | D:2      | Identified the +3 sling "Diblanefou" {freeze, rCorr Dex+3}
  1452 | D:2      | Killed Robin
  2322 | D:3      | Noticed Terence
  2327 | D:3      | Killed Terence
  2328 | D:3      | Reached XP level 4. HP: 18/24 MP: 4/7
  2460 | D:3      | Found a faded altar of an unknown god.
  2725 | D:4      | Reached skill level 1 in Fighting
  2799 | D:4      | Reached XP level 5. HP: 27/29 MP: 5/9
  2803 | D:4      | Reached skill level 5 in Stealth
  2803 | D:4      | Reached skill level 5 in Ice Magic
  2866 | D:4      | You fall into a shaft and drop 3 floors!
  2990 | D:7      | Reached skill level 1 in Short Blades
  3112 | D:7      | Reached XP level 6. HP: 32/34 MP: 8/11
  3758 | D:7      | Reached XP level 7. HP: 38/38 MP: 9/13
  3799 | D:7      | Learned a level 3 spell: Ozocubu's Armour
  4008 | D:7      | Reached skill level 6 in Stealth
  4619 | D:6      | Found a staircase to the Ecumenical Temple.
  4625 | D:6      | Reached skill level 5 in Spellcasting
  4648 | Temple   | Entered the Ecumenical Temple
  4754 | D:6      | Reached XP level 8. HP: 44/44 MP: 15/15
  4959 | D:6      | Found an ancient bone altar of Kikubaaqudgha.
  4967 | D:6      | Reached skill level 7 in Stealth
  5039 | D:5      | Entered Level 5 of the Dungeon
  5284 | D:4      | Identified the +1 rapier "Roicuamp" {heavy, rN+ Dex+2}
  5343 | D:4      | Identified the +5 short sword of Dim Light {flame, Str+3}
  5462 | D:4      | Noticed Blork the orc
  5468 | D:4      | Killed Blork the orc
  5857 | D:4      | Found a shadowy altar of Dithmenos.
  5857 | D:4      | Found a blossoming altar of Fedhas.
  5969 | D:5      | Reached skill level 8 in Stealth
  6260 | D:5      | Found a broken altar of Ashenzari.
  6263 | D:5      | Became a worshipper of Ashenzari the Shackled
  6424 | D:5      | Learned a level 5 spell: Yara's Violent Unravelling
  6432 | D:5      | Learned a level 7 spell: Enfeeble
  6634 | D:8      | Reached XP level 9. HP: 49/49 MP: 18/18
  6653 | D:8      | Reached skill level 1 in Hexes
  6653 | D:8      | Reached skill level 1 in Evocations
  6658 | D:8      | Noticed Grum
  6666 | D:8      | Reached skill level 1 in Transmutations
  6676 | D:8      | Killed Grum
  6819 | D:8      | Noticed Gastronok
  6830 | D:8      | Killed Gastronok
  6831 | D:8      | Reached skill level 9 in Stealth
  7285 | D:8      | Found a shimmering blue altar of Sif Muna.
  7312 | D:8      | Reached XP level 10. HP: 54/54 MP: 11/20
  7663 | D:9      | Reached * piety under Ashenzari
  7671 | D:10     | Entered Level 10 of the Dungeon
  7672 | D:10     | Noticed Sonja
  7674 | D:10     | Killed Sonja
  7675 | D:10     | Reached skill level 10 in Stealth
  7779 | D:10     | Reached skill level 5 in Hexes
  8126 | D:10     | Noticed Psyche
  8129 | D:10     | Noticed a smoke demon
  8129 | D:10     | Found a burning altar of Makhleb.
  8131 | D:10     | Killed Psyche
  8132 | D:10     | Killed a smoke demon
  8221 | D:10     | Reached ** piety under Ashenzari
  8252 | D:10     | Noticed a two-headed ogre
  8262 | D:10     | Killed a two-headed ogre
  8546 | D:10     | Noticed Maurice
  8549 | D:10     | Reached XP level 11. HP: 55/60 MP: 17/23
  8558 | D:10     | Reached skill level 5 in Transmutations
  8569 | D:10     | Killed Maurice
  8570 | D:10     | Reached skill level 11 in Stealth
  8683 | D:9      | Identified the +6 trident of Cataclysm {flame, rN+ Will++
                  | Int+6}
  8796 | D:9      | Reached skill level 5 in Short Blades
  8970 | D:9      | Found a staircase to the Orcish Mines.
  9050 | D:9      | Learned a level 2 spell: Ensorcelled Hibernation
  9055 | D:9      | Learned a level 4 spell: Anguish
  9197 | D:9      | Reached skill level 1 in Necromancy
  9357 | D:9      | Found a sacrificial altar of Ru.
  9550 | D:9      | Found an iron altar of Okawaru.
  9757 | D:11     | Found Gaireum's Armour Emporium.
  9931 | D:11     | Identified Sif Muna's Precepts of Blasting
  9931 | D:11     | Identified Sif Muna's Vellum of Modification
  9931 | D:11     | Identified Sif Muna's Reference Book on Transportation
 10462 | D:11     | Noticed a boulder beetle
 10465 | D:11     | a boulder beetle changed into a satyr
 10465 | D:11     | Noticed a satyr
 10476 | D:11     | Killed a satyr
 10477 | D:11     | Reached skill level 1 in Shields
 10617 | D:11     | Noticed a sun demon
 10659 | D:11     | Found a staircase to the Lair.
 11008 | Lair:1   | Entered Level 1 of the Lair of Beasts
 11021 | Lair:1   | Reached *** piety under Ashenzari
 11043 | Lair:1   | Found a frozen archway.
 11060 | IceCv    | Entered an ice cave
 11068 | IceCv    | Found a transporter.
 11086 | IceCv    | Reached skill level 5 in Dodging
 11090 | IceCv    | Noticed a white ugly thing
 11093 | IceCv    | Identified the amulet "Lutefoe" {rC+ Regen+ Dex+4 SInv}
 11117 | IceCv    | Found a transporter.
 11533 | Lair:1   | Reached XP level 12. HP: 64/64 MP: 21/25
 11550 | Lair:1   | Reached skill level 10 in Ice Magic
 11730 | Lair:1   | Reached **** piety under Ashenzari
 12284 | Lair:2   | Noticed a seven-headed hydra
 12285 | Lair:2   | a seven-headed hydra changed into a polar bear
 12311 | Lair:2   | Found a staircase to the Swamp.
 12803 | Lair:2   | Learned a level 4 spell: Olgreb's Toxic Radiance
 13288 | Lair:3   | Identified the +4 falchion "Kak Nemicebb" {drain, rN+ rCorr
                  | Str-5}
 13291 | Lair:3   | Reached ***** piety under Ashenzari
 13641 | Lair:3   | Reached skill level 1 in Poison Magic
 13654 | Lair:3   | Reached skill level 5 in Necromancy
 13683 | Lair:3   | Reached skill level 10 in Hexes
 14147 | Lair:3   | Found a staircase to the Snake Pit.
 14665 | Lair:4   | Reached skill level 12 in Stealth
 14762 | Lair:4   | Reached XP level 13. HP: 8/70 MP: 10/26
 15252 | Lair:4   | Found a runed translucent door.
 15252 | Lair:4   | Found a viscous altar of Jiyva.
 15252 | Lair:4   | Noticed an acid blob
 15252 | Lair:4   | Noticed an acid blob
 15253 | Lair:4   | Found a staircase to the Slime Pits.
 15253 | Lair:4   | Noticed an acid blob
 15653 | Lair:5   | Entered Level 5 of the Lair of Beasts
 15653 | Lair:5   | Found a gate leading to a gauntlet.
 15695 | Lair:5   | Reached skill level 10 in Spellcasting
 16758 | Lair:5   | Reached skill level 13 in Stealth
 17228 | Lair:4   | Reached skill level 5 in Shields
 19190 | Lair:5   | Reached XP level 14. HP: 76/76 MP: 28/28
 19753 | Lair:5   | Reached skill level 5 in Poison Magic
 20213 | Lair:5   | Found a corrupted altar of Lugonu.
 20213 | Lair:5   | Found a one-way gate to the infinite horrors of the Abyss.
 20488 | Orc:1    | Entered Level 1 of the Orcish Mines
 21717 | Orc:2    | Entered Level 2 of the Orcish Mines
 21826 | Orc:2    | Found a staircase to the Elven Halls.
 21901 | Orc:2    | Learned a level 6 spell: Simulacrum
 21966 | Orc:2    | Noticed an orc warlord
 21994 | Orc:2    | an orc warlord changed into a minotaur
 22011 | Orc:2    | Mangled by a minotaur

Illustrated notes

Levels and vault maps discovered:
D:1:      zaba_arrival_water, layout_loops_corners, minmay_tall_x
D:2:      layout_basic, nicolae_concentric_dashed_squares_wild,
          grunt_ministairs_13, uniq_robin
D:3:      layout_basic, chequers_ecumenical_altar_simple_redux,
          grunt_decor_arrowhead, uniq_terence
D:4:      layout_cave_pools, gammafunk_temple_overflow_pools,
          minmay_misc_feat_chi, uniq_blork_the_orc
D:5:      layout_cave_pools, kennysheep_mini_moat, kennysheep_generic_room_12
D:6:      layout_rooms, kiku_gazebo_pond_becter,
          minmay_temple_entry_sparse_star, portal_sewer_entry_d
D:7:      layout_basic
D:8:      layout_loops_cross, nicolae_sif_muna_little_library, uniq_gastronok,
          uniq_grum
D:9:      layout_cave_pools, mainiacjoe_overflow_cross_hatched, okawaru_humans,
          erik_orc_1, amcnicky_mini_corridor_feature
D:10:     nicolae_cairo_tiling_large, layout_rooms, demons_altar, uniq_psyche,
          uniq_maurice, uniq_sonja
D:11:     layout_basic, due_lair_maze_entry_diamond, serial_shops,
          nicolae_shop_stone
Temple:   compressed_dpeg_circular_temple
Lair:1:   layout_roguey, portal_ice_cave_entry_ice_simulacra,
          beast_lair_carwin_8
Lair:2:   layout_gridlike, skrybe_swamp_entry_bodies,
          nicolae_quartered_pool_impasse
Lair:3:   layout_regular_city, guppyfry_snake_entry_island
Lair:4:   layout_regular_city, slime_entry_2, small_statue_intersection
Lair:5:   hellmonk_lair_end_abyssal_woods, layout_cave_pods,
          gauntlet_entry_generic, kennysheep_abandoned_house
Orc:1:    layout_caves, special_room [special_room_bee]
Orc:2:    st_orc_elflike, layout_caves, basic_altar, abandoned_shop

Skill      XL: |  1  2  3  4  5  6  7  8  9 10 11 12 13 14 |
---------------+-------------------------------------------+-----
Stealth        | 4 5 6 8 9 10 11 12 13 | 13.2
Fighting       | 1 2 3 4 |  4.4
Spellcasting   | 3 4 5 6 7 8 9 10 11 | 11.1
Ice Magic      | 5 6 7 8 9 10 | 10.9
Short Blades   | 1 2 3 4 5 6 |  6.8
Dodging        | 3 4 5 6 7 |  7.0
Hexes          | 4 6 8 10 11 12 | 12.4
Evocations     | 2 3 4 |  4.1
Transmutations | 3 4 5 |  5.0
Necromancy     | 4 5 7 |  7.6
Shields        | 2 3 5 |  5.6
Poison Magic   | 2 4 5 |  5.3

Action                     |  1- 3 |  4- 6 |  7- 9 | 10-12 | 13-15 || total
---------------------------+-------+-------+-------+-------+-------++-------
  Melee: Dagger            |    54 |    41 |       |       |       ||    95
         Bite              |     4 |     5 |    11 |    79 |    86 ||   185
         Short sword       |       |    14 |   111 |   441 |   508 ||  1074
         Punch             |       |       |     3 |       |       ||     3
   Cast: Freeze            |    24 |    18 |       |       |     1 ||    43
         Frozen Ramparts   |     2 |     9 |    30 |    71 |    29 ||   141
         Ozocubu's Armour  |       |       |    20 |    44 |    38 ||   102
         Ensorcelled Hiber |       |       |       |     1 |     4 ||     5
         Enfeeble          |       |       |       |     3 |    37 ||    40
         Olgreb's Toxic Ra |       |       |       |       |    59 ||    59
         Anguish           |       |       |       |       |    19 ||    19
         Yara's Violent Un |       |       |       |       |     8 ||     8
 Invoke: Curse Item        |       |       |     1 |     8 |       ||     9
Ability: Exsanguinate      |     1 |       |       |       |       ||     1
  Evoke: Wand              |       |       |     5 |    20 |    15 ||    40
    Use: Scroll            |     4 |     5 |     7 |     6 |     4 ||    26
         Potion            |     2 |     3 |     5 |    10 |     7 ||    27
   Stab: Sleeping          |    14 |     2 |    23 |    25 |    31 ||    95
         Distracted        |       |     1 |     1 |       |       ||     2
         Invisible         |       |       |       |     3 |    28 ||    31
 Armour: Robe              |    11 |    19 |    41 |   162 |   152 ||   385
  Dodge: Dodged            |    37 |    40 |    81 |   256 |   348 ||   762
         Repelled          |       |       |       |     2 |       ||     2
  Block: Buckler           |       |       |       |    81 |   158 ||   239
